 Dungeon Crawl Stone Soup version 0.28.0-43-g3370ac3207 (webtiles) character file.

Game seed: 4938998622920664803

121 graymark the Sneak (level 5, -3/31 HPs)
             Began as an Octopode Earth Elementalist on Mar 6, 2022.
             Killed from afar by an orc wizard (6 damage)
             ... with a magic dart
             ... on level 4 of the Dungeon.
             The game lasted 00:10:26 (4052 turns).

graymark the Sneak (Octopode Earth Elementalist)    Turns: 4052, Time: 00:10:27

Health: -3/31      AC:  1    Str:  8    XL:     5   Next: 5%
Magic:  9/9        EV: 28    Int: 19    God:
Gold:   149        SH:  0    Dex: 12    Spells: 5/9 levels left

rFire   . . .      SeeInvis .   k - +0 dagger
rCold   . . .      Faith    .   (no shield)
rNeg    . . .      Spirit   .   (helmet restricted)
rPois   .          Reflect  .   q - amulet of the acrobat
rElec   .          Harm     .   (no ring)
rCorr   .          Rampage  .   (no ring)
Will    .....                   (no ring)
Stlth   ++........              (no ring)
HPRegen 0.10/turn               (no ring)
MPRegen 0.11/turn               (no ring)
                                (no ring)
                                (no ring)

@: confused, acrobatic
A: almost no armour, amphibious, 8 rings, camouflage 1, gelatinous body 1,
(nimble swimmer 1), tentacles
a: no special abilities


You were on level 4 of the Dungeon.
You visited 1 branch of the dungeon, and saw 4 of its levels.

You collected 149 gold pieces.

Inventory:

Hand Weapons
 k - a +0 dagger (weapon)
 p - a +0 morningstar
Missiles
 r - 14 stones
Jewellery
 q - an amulet of the acrobat (around mantle)
Scrolls
 a - a scroll of identify
 d - a scroll of silence {unknown}
 e - a scroll of holy word {unknown}
 f - a scroll of enchant weapon {unknown}
 g - a scroll of brand weapon {unknown}
 j - 2 scrolls of enchant armour {unknown}
 n - a scroll of magic mapping {unknown}
Potions
 b - a potion of heal wounds {unknown}
 c - a potion of curing
 h - a potion of might {unknown}
 i - a potion of ambrosia {unknown}
 l - a potion of degeneration {unknown}
 m - a potion of berserk rage {unknown}
 o - a potion of magic {unknown}


   Skills:
 * Level 2.8 Dodging
 + Level 3.5 Stealth
 * Level 2.7 Spellcasting
 * Level 1.1 Conjurations
 * Level 2.1 Transmutations
 * Level 3.5 Earth Magic


You had 5 spell levels left.
You knew the following spells:

 Your Spells              Type           Power      Damage    Failure   Level
a - Sandblast             Erth           32%        2d9       3%          1
b - Stone Arrow           Conj/Erth      22%        3d8       19%         3

Your spell library contained the following spells:

 Spells                   Type           Power      Damage    Failure   Level
 Passwall                 Tmut/Erth      10%        N/A       8%          2
 Wereblood                Tmut           10%        N/A       10%         2
 Animate Skeleton         Necr           4%         N/A       16%         1
 Apportation              Tloc           4%         N/A       16%         1
 Summon Small Mammal      Summ           8%         N/A       16%         1
 Sublimation of Blood     Necr           2%         N/A       24%         2
 Petrify                  Tmut/Erth      13%        N/A       43%         4
 Summon Hydra             Summ           1%         N/A       100%        7


Dungeon Overview and Level Annotations

Branches:
Dungeon (4/15)
 Temple: D:4-7

Altars:
Ashenzari
Elyvilon
The Shining One

Annotations:
D:3 exclusions: downstairs and phantom


Innate Abilities, Weirdness & Mutations

You cannot wear most types of armour.
You are amphibious.
You can wear up to eight rings at the same time.
Your skin changes colour to match your surroundings (Stealth+).
Your rubbery body absorbs attacks. (AC +1, EV +1)
((You are camouflaged when in or above water. (Stealth+)))
You have tentacles for arms and can constrict up to eight enemies at once.


Message History

There is a stone staircase leading up here.
The orc shouts!
There is a stone staircase leading up here.
An orc wizard comes into view. It is wielding a +0 dagger.
The orc wizard shouts!
The orc wizard casts a spell at you.
You are confused.
You hit the ogre. Your squeeze misses the ogre.
The ogre is lightly wounded.
The ogre barely misses you. The ogre completely misses you.
You bump into the rock wall.
The endoplasm barely misses you.
An orc wizard comes into view. It is wielding a +0 dagger.
The orc wizard shouts!
The ogre completely misses you.
The orc wizard points at you and mumbles some strange words.
You are more confused.
The endoplasm freezes you.
You are frozen.
The orc wizard gestures wildly while chanting.
The orc wizard flickers and vanishes!
Deactivating autopickup; reactivate with Ctrl-A.
The ogre completely misses you.
You're too confused to move!
The endoplasm misses you.
The ogre hits you with a +0 giant club!!
Ouch! That really hurt!
* * * LOW HITPOINT WARNING * * *
Unknown command.
You're too confused to move!
The endoplasm freezes you.
You are frozen.
* * * LOW HITPOINT WARNING * * *
Something hits you.
* * * LOW HITPOINT WARNING * * *
The ogre barely misses you.
An orc comes into view. It is wielding a +0 club.
You hear some strange, mumbled words.
A magic dart appears from out of thin air!
The magic dart hits you.
You die...

.....!...## ## #.
#.........###.. ##.
##.(.......#...# #...
#......#.#....# #..
##...###.#...# #..
#...........####
#.###Oo.###.......#.
#..#J.### ###.......
#..#..@{.# ###<......$
#.......o#####J.........
........................
........................
............#...........
.......(....####........
............# ##.......
.....o......# #...##.[
...........# ..?.#.#..


You could see an ogre, an orc wizard, 2 orcs and an endoplasm.

Vanquished Creatures
  A howler monkey skeleton (D:4)
  An adder (D:2)
  3 worms
  A dart slug (D:3)
  3 orcs (D:2)
  13 endoplasms
  6 giant cockroaches
  5 goblins
  9 hobgoblins
  5 jackals (D:3)
  5 kobolds
  3 quokkas
  9 ball pythons
  5 bats
  4 frilled lizards
  4 rats
77 creatures vanquished.

Notes
Turn   | Place    | Note
-------+----------+-------------------------------------------
     0 | D:1      | graymark the Octopode Earth Elementalist began the quest
                  | for the Orb.
     0 | D:1      | Reached XP level 1. HP: 11/11 MP: 3/3
   264 | D:1      | Reached XP level 2. HP: 17/17 MP: 3/5
   653 | D:1      | Reached XP level 3. HP: 21/21 MP: 4/6
  1428 | D:2      | Learned a level 3 spell: Stone Arrow
  1697 | D:2      | Reached XP level 4. HP: 23/27 MP: 5/7
  1887 | D:2      | Found a faded altar of an unknown god.
  2126 | D:2      | Found a broken altar of Ashenzari.
  2309 | D:3      | Found a white marble altar of Elyvilon.
  2476 | D:3      | Found a broken altar of Ashenzari.
  2768 | D:3      | Reached skill level 1 in Conjurations
  3808 | D:3      | Found a glowing golden altar of the Shining One.
  3811 | D:3      | Noticed a phantom
  3910 | D:4      | Reached XP level 5. HP: 21/31 MP: 9/9
  3910 | D:4      | Noticed an ogre
  4052 | D:4      | Killed from afar by an orc wizard

Illustrated notes

Levels and vault maps discovered:
D:1:      dpeg_arrival_tiny_d, layout_loops_ring, minmay_unequal
D:2:      layout_rooms, serial_glass, glass_columns_b, glass_columns_b,
          glass_columns_a, glass_columns_a, basic_altar,
          hellmonk_ecumenical_altar_leap_of_faith
D:3:      minmay_general_purpose_star, layout_basic,
          cheibrodos_ashenzari_chains, mainiacjoe_overflow_cross_hatched,
          nicolae_tso_swordbearing_angel
D:4:      layout_cave_pools, overflow_temple_1_default,
          mainiacjoe_overflow_boulevard, minmay_temple_entry_butterflies,
          uniq_crazy_yiuf_cottage

Skill      XL: |  1  2  3  4 |
---------------+-------------+-----
Stealth        | 3 |  3.5
Transmutations | 2 |  2.1
Conjurations   | 1 |  1.1
Dodging        | |  2.8
Spellcasting   | |  2.7
Earth Magic    | |  3.5

Action                   |  1- 3 |  4- 6 || total
-------------------------+-------+-------++-------
Melee: Unarmed           |    41 |       ||    41
       Constrict         |    11 |    16 ||    27
       Tentacles         |    15 |    22 ||    37
       Punch             |     1 |     1 ||     2
       Dagger            |       |    88 ||    88
 Cast: Sandblast         |    41 |    18 ||    59
  Use: Scroll            |     1 |       ||     1
       Potion            |     1 |       ||     1
 Stab: Sleeping          |     5 |     4 ||     9
       Distracted        |     1 |       ||     1
Armor: Skin              |     5 |       ||     5
Dodge: Dodged            |    36 |    53 ||    89
